 Dungeon Crawl Stone Soup version 0.22-a0-3-g4fa69d9a97 (webtiles) character file.

2653 NixNut the Grappler (level 9, 0/133 HPs)
             Began as a Troll Berserker on Jan 1, 2018.
             Was a High Priest of Trog.
             Succumbed to a killer bee's poison
             ... on level 6 of the Dungeon.
             The game lasted 00:13:13 (4956 turns).

NixNut the Grappler (Troll Berserker)               Turns: 4956, Time: 00:13:14

Health: 0/133      AC:  8    Str: 38    XL:     9   Next: 36%
Magic:  8/8        EV: 12    Int:  3    God:    Trog [*****.]
Gold:   334        SH:  0    Dex: 10    Spells: 8/8 levels left

rFire    . . .     SeeInvis +     - Unarmed
rCold    . . .     Gourm    +   (no shield)
rNeg     . . .     Faith    .   a - +0 animal skin
rPois    .         Spirit   .   (helmet restricted)
rElec    .         Reflect  .   c - +2 cloak
rCorr    .         Harm     .   (gloves unavailable)
MR       .....                  (boots unavailable)
Stlth    ..........             (no amulet)
HPRegen  0.72/turn              v - ring of see invisible
MPRegen  0.11/turn              G - ring of Impatience {+Blink Str+4 SInv}

@: berserking, lethally poisoned (0 -> -18), very quick
A: large, unfitting armour, claws 3, fast metabolism 3, gourmand, regeneration
1, shaggy fur 1, tough skin 2
a: Berserk, Trog's Hand, Brothers in Arms, Burn Spellbooks, Renounce Religion,
Evoke Blink


You were on level 6 of the Dungeon.
You worshipped Trog.
Trog was extremely pleased with you.
You were very full.

You visited 1 branch of the dungeon, and saw 6 of its levels.
You also visited: Ossuary.

You collected 334 gold pieces.

Inventory:

Hand Weapons
 H - a +1 lajatang of speed
Armour
 a - a +0 animal skin (worn)
 c - a +2 cloak (worn)
Jewellery
 v - a ring of see invisible (left claw)
 B - an uncursed ring of magical power
 E - an uncursed amulet of rage
 G - the ring of Impatience (right claw) {+Blink Str+4 SInv}
   (You found it on level 6 of the Dungeon)

   [ring of see invisible]

   It affects your strength (+4).
   It lets you see invisible.
   It lets you blink.
Wands
 k - a wand of scattershot (4)
 A - a wand of random effects (22)
Scrolls
 e - 6 scrolls of remove curse {unknown}
 f - 3 scrolls of identify
 m - 2 scrolls of teleportation {unknown}
 o - a scroll of torment {unknown}
 q - 3 scrolls of fear {unknown}
 t - a scroll of fog {unknown}
 w - a scroll of noise {unknown}
 x - a scroll of immolation {unknown}
 y - a scroll of magic mapping {unknown}
 z - 2 scrolls of enchant weapon {unknown}
 C - a scroll of enchant armour {unknown}
Potions
 d - 6 potions of ambrosia
 g - 4 potions of lignification
 h - 3 potions of cancellation
 i - 2 potions of flight {unknown}
 j - 3 potions of brilliance
 l - a potion of curing {unknown}
 n - a potion of berserk rage {unknown}
 p - a potion of invisibility {unknown}
 r - a potion of agility {unknown}
 s - 2 potions of haste {unknown}
 u - a potion of resistance {unknown}
 D - a potion of magic {unknown}
Comestibles
 b - 15 rations
 F - 4 chunks of flesh


   Skills:
 + Level 5.8 Fighting
 + Level 5.8 Dodging
 * Level 9.6 Unarmed Combat


You had 8 spell levels left.
You didn't know any spells.

Dungeon Overview and Level Annotations

Branches:
Dungeon (6/15)
 Temple: D:4-7

Altars:
Fedhas
Qazlal
Trog
Yredelemnul

Annotations:
D:6 1 runed door


Innate Abilities, Weirdness & Mutations

You are too large for most types of armour.
You have claws for hands.
Your metabolism is lightning-fast.
You like to eat raw meat.
Your natural rate of healing is unusually fast.
You are covered in fur. (AC +1)
You have very tough skin. (AC +2)


Message History

You miss the butterfly.
* * * LOW HITPOINT WARNING * * *
You feel sick.
You claw the giant cockroach!
You kill the giant cockroach!
Trog accepts your kill.
* * * LOW HITPOINT WARNING * * *
You feel sick.
You closely miss the killer bee.
The killer bee is almost dead.
* * * LOW HITPOINT WARNING * * *
You feel sick. The killer bee misses you.
You claw the killer bee!
You kill the killer bee!
Trog accepts your kill.
* * * LOW HITPOINT WARNING * * *
You feel sick.
You are too injured to fight recklessly!
You are too injured to fight recklessly!
You die...

...# #.## ...# #..#
...# ##.# .###
########'######## .#
#.............[.# .#
#...............# .#
#....#######....# .#
#....#...aa#..b.#
.#####....+b.!.s@†...#
....##....#.....#....#
....##....#######....#
....##...............#
....##...............#
.....########'########
.............)#
....########### ....#


You could see 2 worker ants and a giant cockroach.

Vanquished Creatures
  Prince Ribbit (D:5)
  A hippogriff (D:6)
  The ghost of myrmidette the Gusty, an amateur TeAE (D:3)
  2 phantoms
  A black bear (D:6)
  Blork the orc (D:5)
  2 bullfrogs (D:6)
  A water moccasin zombie (Ossuary)
  4 scorpions
  A killer bee (D:6)
  A crimson imp (D:4)
  3 bullfrog zombies
  5 orc priests
  4 hounds
  An orc wizard (D:4)
  A centaur zombie (D:6)
  17 mummies (Ossuary)
  2 iguanas (D:4)
  10 worker ants
  2 killer bee zombies (Ossuary)
  2 hound zombies (Ossuary)
  2 howler monkey zombies (Ossuary)
  6 worker ant zombies (Ossuary)
  3 gnolls (D:5)
  6 adders
  2 shadow imps
  An adder zombie (Ossuary)
  An adder skeleton (D:6)
  A worm (D:2)
  2 dart slugs
  5 leopard geckos
  17 orcs
  10 bats
  6 giant cockroaches
  7 goblins
  11 hobgoblins
  12 jackals
  11 kobolds
  3 quokkas
  A ball python (D:5)
  5 frilled lizards
  A leopard gecko zombie (Ossuary)
  2 quokka zombies (Ossuary)
  10 rats
  2 butterflies (D:6)
190 creatures vanquished.

Vanquished Creatures (others)
  A bat (D:3)
1 creature vanquished.

Grand Total: 191 creatures vanquished

Notes
Turn   | Place    | Note
-------+----------+-------------------------------------------
     0 | D:1      | NixNut the Troll Berserker began the quest for the Orb.
     0 | D:1      | Reached XP level 1. HP: 22/22 MP: 0/0
   210 | D:1      | Reached XP level 2. HP: 29/29 MP: 1/1
   334 | D:1      | Reached ** piety under Trog
   344 | D:1      | Reached XP level 3. HP: 33/36 MP: 2/2
  1374 | D:2      | Reached skill level 4 in Unarmed Combat
  1428 | D:2      | Found a basalt altar of Yredelemnul.
  1649 | D:2      | Reached XP level 4. HP: 43/44 MP: 3/3
  2037 | D:3      | Reached *** piety under Trog
  2057 | D:3      | Noticed myrmidette's ghost (amateur TeAE)
  2062 | D:3      | Reached XP level 5. HP: 49/53 MP: 4/4
  2078 | D:3      | Killed myrmidette's ghost
  2078 | D:3      | Reached skill level 5 in Unarmed Combat
  2331 | D:4      | Found a bloodstained altar of Trog.
  2378 | D:4      | Reached XP level 6. HP: 57/61 MP: 5/5
  2629 | D:4      | Reached skill level 6 in Unarmed Combat
  2809 | D:4      | Found a sand-covered staircase.
  2818 | Ossuary  | Entered an ossuary
  2832 | Ossuary  | Reached XP level 7. HP: 68/68 MP: 6/6
  2859 | Ossuary  | Reached **** piety under Trog
  3013 | Ossuary  | Reached skill level 7 in Unarmed Combat
  3110 | Ossuary  | Reached XP level 8. HP: 79/79 MP: 7/7
  3139 | Ossuary  | Reached ***** piety under Trog
  3491 | D:4      | Found a stormy altar of Qazlal.
  3790 | D:5      | Entered Level 5 of the Dungeon
  3790 | D:5      | Noticed Blork the orc
  3795 | D:5      | Killed Blork the orc
  3863 | D:5      | Found a blossoming altar of Fedhas.
  4038 | D:5      | Noticed Prince Ribbit
  4056 | D:5      | Reached skill level 8 in Unarmed Combat
  4071 | D:5      | Killed Prince Ribbit
  4071 | D:5      | Reached skill level 5 in Fighting
  4071 | D:5      | Reached skill level 5 in Dodging
  4423 | D:6      | Got a steaming silver ring
  4424 | D:6      | Identified the ring of Impatience {+Blink Str+4 SInv} (You found it on level 6 of the Dungeon)
  4459 | D:6      | Reached XP level 9. HP: 88/88 MP: 8/8
  4486 | D:6      | Reached skill level 9 in Unarmed Combat
  4499 | D:6      | Found a runed door.
  4521 | D:6      | Found a runed door.
  4558 | D:6      | Received a gift from Trog
  4951 | D:6      | HP: 6/133 [poisoned by a killer bee]
  4955 | D:6      | HP: 1/133 [poisoned by a killer bee]
  4956 | D:6      | Succumbed to a killer bee's poison

Vault maps used:
D:1:      dpeg_cavernosity, kennysheep_decorative_pillar
D:2:      overflow_temple_1_default
D:3:      minmay_misc_feat_tower
D:4:      overflow_temple_1_default, grunt_qazlal_clouds,
          chequers_ossuary_entry_cave, solitary_fountain
D:5:      overflow_temple_1_default, first_ration, hangedman_decor_lopped,
          grunt_ministairs_1, uniq_prince_ribbit1, uniq_blork_the_orc
D:6:      lemuel_insect_pit, hangedman_abyss_or_decor_passed
Ossuary:  ossuary_zaba_flooded

Skill      XL: |  1  2  3  4  5  6  7  8  9 |
---------------+----------------------------+-----
Unarmed Combat | 4 5 6 7 8 9 |  9.6
Fighting       | 3 4 5 |  5.8
Dodging        | 3 4 5 |  5.8

Action                   |  1- 3 |  4- 6 |  7- 9 || total
-------------------------+-------+-------+-------++-------
Melee: Unarmed           |   113 |   146 |   249 ||   508
       Punch             |       |     1 |     7 ||     8
Invok: Burn Spellbooks   |       |     1 |       ||     1
       Berserk           |       |       |     1 ||     1
  Use: Scroll            |       |       |     8 ||     8
 Stab: Sleeping          |     1 |     1 |     1 ||     3
  Eat: Chunk             |    19 |    13 |    19 ||    51
Armor: Animal skin       |    52 |    72 |    92 ||   216
Dodge: Dodged            |    48 |    60 |   138 ||   246

Table legend:
 A = Spawn XP
 B = Non-spawn XP
 C = Spawn XP percentage of total XP
 D = Spawn monster count
 E = Non-spawn monster count
 F = Spawn count percentage of total count
 G = Total turns spent on level
                    A         B        C        D         E        F      G
               +---------+---------+-------+---------+---------+-------+---------
         Total |       0 |    3790 |   0.0 |       0 |     188 |   0.0 |  4956
               +---------+---------+-------+---------+---------+-------+---------
           D:1 |       0 |      58 |   0.0 |       0 |      32 |   0.0 |   949
           D:2 |       0 |      45 |   0.0 |       0 |      19 |   0.0 |   840
           D:3 |       0 |     250 |   0.0 |       0 |      29 |   0.0 |   542
           D:4 |       0 |     548 |   0.0 |       0 |      29 |   0.0 |  1117
           D:5 |       0 |     710 |   0.0 |       0 |      15 |   0.0 |   489
           D:6 |       0 |    1355 |   0.0 |       0 |      28 |   0.0 |   632
       Ossuary |       0 |     824 |   0.0 |       0 |      36 |   0.0 |   387
               +---------+---------+-------+---------+---------+-------+---------
